 Dungeon Sprint DCSS version 0.27-a0-1071-ga85bd9520d (webtiles) character file.

Game seed: 6616237969948157924

846 mhtbhm the Arsonist (level 7, -2/36 HPs)
             Began as a Deep Elf Fire Elementalist on Apr 24, 2021.
             Shot with a bolt by a yaktaur captain (38 damage)
             ... in the Dungeon (Sprint V: "Ziggurat Sprint").
             The game lasted 00:01:37 (145 turns).

mhtbhm the Arsonist (Deep Elf Fire Elementalist)     Turns: 145, Time: 00:01:38

Health: -2/36      AC:  5    Str:  5    XL:     7   Next: 68%
Magic:  22/22      EV: 16    Int: 34    God:
Gold:   0          SH:  0    Dex: 15    Spells: 10/26 levels left

rFire    + . .     SeeInvis .   C - +8 lance "Wyrmbane" {slay drac, rPois rF+ rC+ AC+3}
rCold    + . .     Faith    .   (no shield)
rNeg     . . .     Spirit   .   a - +0 robe
rPois    +         Reflect  .   (no helmet)
rElec    .         Harm     .   (no cloak)
rCorr    .         Rampage  .   (no gloves)
Will     .....     NoTele   +   (no boots)
Stlth    ++++......             (no amulet)
HPRegen  0.12/turn              u - +6 ring of intelligence
MPRegen  0.18/turn              v - +6 ring of intelligence

@: marked
A: no striking features
a: no special abilities


You were in the Dungeon.
You visited 1 branch

Inventory:

Hand Weapons
 C - the +8 lance "Wyrmbane" (weapon) {slay drac, rPois rF+ rC+ AC+3}
   (You found it in the Dungeon)

   It affects your AC (+3).
   It protects you from fire.
   It protects you from cold.
   It protects you from poison.
Armour
 a - a +0 robe (worn)
Jewellery
 u - a +6 ring of intelligence (left hand)
 v - a +6 ring of intelligence (right hand)
Wands
 y - a wand of mindburst (6)
 A - a wand of acid (7)
Scrolls
 h - 4 scrolls of blinking
 m - 4 scrolls of amnesia
 n - 7 scrolls of fog
 o - a scroll of holy word
 p - 5 scrolls of identify
 q - 2 scrolls of fear
Potions
 b - 2 potions of brilliance
 c - 10 potions of curing
 d - 10 potions of heal wounds
 e - 6 potions of haste
 f - 7 potions of magic
 g - 3 potions of berserk rage
 i - 2 potions of invisibility
 j - 4 potions of resistance
 k - a potion of experience
 l - 5 potions of might
Miscellaneous
 B - a lightning rod (2/4)


   Skills:
 + Level 7.7 Dodging
 + Level 7.5 Stealth
 + Level 10.0 Spellcasting
 + Level 2.0 Conjurations
 + Level 13.2 Fire Magic
 + Level 4.1 Evocations


You had 10 spell levels left.
You knew the following spells:

 Your Spells              Type           Power      Damage    Failure   Level
a - Foxfire               Conj/Fire      100%       2x1d9     1%          1
b - Conjure Flame         Conj/Fire      62%        6-21      1%          3
c - Inner Flame           Hex/Fire       58%        N/A       1%          3
d - Sticky Flame          Conj/Fire      62%        2d8       1%          4
e - Fireball              Conj/Fire      31%        3d13      3%          5

Your spell library contained the following spells:

 Spells                   Type           Power      Damage    Failure   Level


Dungeon Overview and Level Annotations

Branches:
Dungeon (1/1)

Altars:
Ashenzari
Cheibriados
Dithmenos
Elyvilon
Fedhas
Gozag
Hepliaklqana
Kikubaaqudgha
Makhleb
Nemelex Xobeh
Okawaru
Qazlal
Ru
Sif Muna
Trog
Uskayaw
Vehumet
Wu Jian
Xom
Yredelemnul
Zin
The Shining One
Beogh
Jiyva
Lugonu

Annotations:
D 1 transporter


Message History

The mass of ice explodes!
The iceblast engulfs the yaktaur captain!!
The yaktaur captain is heavily wounded.
The iceblast engulfs the yaktaur captain!
The yaktaur captain is lightly wounded.
The now-empty wand crumbles to dust.
Unknown command.
Unknown command.
Unknown command.
Unknown command.
You don't have any such object.
Evoke which item? (* to show all) (? for menu, Esc to quit)
You don't have any such object.
Evoke which item? (* to show all) (? for menu, Esc to quit)
Okay, then.
Aiming: Thunderbolt
Press: ? - help, Shift-Dir - straight line, f - yaktaur captain, p - yaktaur captain
Aim: a yaktaur captain, wielding a +5 quick blade and quivering bolts (lightly wounded, strong)
The thunderbolt hits the yaktaur captain!
The yaktaur captain is moderately wounded.
The ironbound convoker casts a spell at the vault sentinel.
The vault sentinel seems to grow stronger.
Unknown command.
Unknown command.
Unknown command.
Aiming: Thunderbolt
Press: ? - help, Shift-Dir - straight line, p - yaktaur captain The thunderbolt hits the yaktaur captain!
The yaktaur captain is heavily wounded.
The thunderbolt hits the vault sentinel!
The vault sentinel is lightly wounded.
The thunderbolt hits the ironbound convoker!
The ironbound convoker is moderately wounded.
The thunderbolt hits the yaktaur captain.
The yaktaur captain is heavily wounded.
The yaktaur captain unwields a +5 quick blade.
The yaktaur captain wields a +0 arbalest.
The yaktaur captain shoots a bolt.
The bolt hits you!!!
Ouch! That really hurt!
You die...

▓▓▓▓▓▓▓▓▓▓▓▓▓▓▓▓▓▓▓
▓.8©8.▓.8©8.▓.8©8.▓
▓.....▓.[)[.▓.....▓
▓..[..▓..)..▓.|.).▓
▓..pc.▓.....▓.....▓
▓.cp..▓..)..▓.....▓
▓.....▓..)..▓..©..▓
▓..@..▓..©..▓▓▓▓▓▓▓
▓▓▓▓▓▓▓▓▓▓▓▓▓


You could see 2 yaktaur captains, a vault sentinel (strong) and an ironbound
convoker.

Vanquished Creatures
  A two-headed ogre (D)
  2 ogres (D)
  A jelly (D)
  An endoplasm (D)
5 creatures vanquished.

Notes
Turn   | Place    | Note
-------+----------+-------------------------------------------
     0 | D        | mhtbhm the Deep Elf Fire Elementalist began the quest for
                  | the Orb.
     0 | D        | Reached XP level 1. HP: 10/10 MP: 6/6
     0 | D        | Found a shimmering blue altar of Sif Muna.
     0 | D        | Found a bloodstained altar of Trog.
     0 | D        | Found a sacrificial altar of Ru.
     0 | D        | Found a stormy altar of Qazlal.
     0 | D        | Found an iron altar of Okawaru.
     1 | D        | Found a sparkling altar of Nemelex Xobeh.
     1 | D        | Found a blossoming altar of Fedhas.
     2 | D        | Found the +6 Majin-Bo {vamp, MP+6 Int+6}
     2 | D        | Found the +9 heavy crossbow "Sniper" {vorpal, Acc+∞ SInv}
     2 | D        | Found the +10 dark maul {vorpal}
     2 | D        | Found the +15 Maxwell's patent armour {-Cast -Tele rElec
                  | Will+ rCorr}
     2 | D        | Found the +18 shield of the Gong {rElec rN+ Will+ EV-5}
     2 | D        | Found the +14 obsidian axe {vorpal, Drain Fly SInv}
     2 | D        | Found the +7 great mace "Firestarter" {inner flame, rF++}
     2 | D        | Found the +6 shillelagh "Devastator" {shatter}
     2 | D        | Found the +11 plutonium sword {Contam Stlth-}
     2 | D        | Found the +8 lance "Wyrmbane" {slay drac, rPois rF+ rC+
                  | AC+3}
     2 | D        | Found the +9 sword of Zonguldrok {reap}
     2 | D        | Found the +13 scythe of Curses {drain, Drain}
     2 | D        | Found the +5 sword of Power {vorpal}
     2 | D        | Found the +7 mace of Variability {chain chaos}
     2 | D        | Found the +7 Singing Sword {vorpal, sonic wave}
     2 | D        | Found the +8 storm bow {elec, penet}
     3 | D        | Found a transporter.
     3 | D        | Found an ancient bone altar of Kikubaaqudgha.
     3 | D        | Found a viscous altar of Jiyva.
     3 | D        | Found a corrupted altar of Lugonu.
     3 | D        | Found a hazy altar of Hepliaklqana.
     3 | D        | Found a burning altar of Makhleb.
     3 | D        | Found an opulent altar of Gozag.
    36 | D        | Entered arena 2.
    36 | D        | Noticed a jelly
    36 | D        | Found a transporter.
    38 | D        | Killed a jelly
    39 | D        | Reached skill level 5 in Fire Magic
    39 | D        | Reached XP level 2. HP: 15/15 MP: 7/9
    39 | D        | Reached XP level 3. HP: 19/19 MP: 7/10
    43 | D        | Learned a level 3 spell: Conjure Flame
    47 | D        | Learned a level 3 spell: Inner Flame
    69 | D        | Entered arena 3.
    69 | D        | Noticed a two-headed ogre
    69 | D        | Noticed an ogre
    69 | D        | Noticed an ogre
    69 | D        | Found a transporter.
    72 | D        | Killed an ogre
    73 | D        | Reached skill level 5 in Spellcasting
    73 | D        | Reached skill level 8 in Fire Magic
    73 | D        | Reached skill level 1 in Evocations
    73 | D        | Reached XP level 4. HP: 24/24 MP: 10/13
    73 | D        | Killed an ogre
    74 | D        | Reached skill level 5 in Dodging
    74 | D        | Reached skill level 5 in Stealth
    74 | D        | Reached skill level 9 in Fire Magic
    74 | D        | Reached XP level 5. HP: 28/28 MP: 10/16
    74 | D        | Killed a two-headed ogre
    75 | D        | Reached skill level 10 in Spellcasting
    75 | D        | Reached skill level 13 in Fire Magic
    75 | D        | Reached XP level 6. HP: 32/32 MP: 11/21
    75 | D        | Reached XP level 7. HP: 36/36 MP: 11/22
    80 | D        | Learned a level 4 spell: Sticky Flame
    86 | D        | Learned a level 5 spell: Fireball
    94 | D        | Got the -2 helmet of Wasted Space {*Slow rPois rN+}
   141 | D        | Entered arena 4.
   141 | D        | Noticed a yaktaur captain
   141 | D        | Noticed a yaktaur captain
   141 | D        | Noticed a vault sentinel
   141 | D        | Noticed an ironbound convoker
   141 | D        | Found a transporter.
   145 | D        | Shot with a bolt by a yaktaur captain

Illustrated notes

Levels and vault maps discovered:
D:        sprint_v [room_start, room_1, room_2, room_3, room_4, room_5, room_6,
          room_7, room_8, room_9, room_10, room_11, room_12, room_13, room_14,
          room_15, room_16, room_17, room_18, room_19, room_20, room_21,
          room_22, room_23, room_24, room_25, room_26, room_27]

Skill      XL: |  1  2  3  4  5 |
---------------+----------------+-----
Dodging        | 3 4 5 7 |  7.7
Stealth        | 3 4 5 7 |  7.5
Spellcasting   | 4 5 7 10 | 10.0
Fire Magic     | 5 8 9 13 | 13.2
Evocations     | 1 2 4 |  4.1
Conjurations   | 2 |  2.0

Action                   |  1- 3 |  4- 6 |  7- 9 || total
-------------------------+-------+-------+-------++-------
Evoke: Wand              |     4 |     2 |     2 ||     8
       Lightning rod     |     1 |       |     2 ||     3
Dodge: Dodged            |       |       |     1 ||     1

Table legend: (Time is in decaauts)
 A = Elapsed time spent in this place.
 B = Non-inter-level travel time spent in this place.
 C = Inter-level travel time spent in this place.
 D = Time resting spent in this place.
 E = Time spent auto-exploring this place.
 F = Levels seen in this place.
 G = Mean time per level.
                   A        B        C        D        E       F      G
               +--------+--------+--------+--------+--------+-----+--------+
         Total |    143 |    143 |      0 |     56 |      0 |   1 |  143.0 |
       Dungeon |    143 |    143 |      0 |     56 |      0 |   1 |  143.0 |
               +--------+--------+--------+--------+--------+-----+--------+

Top non-repeatable levels by time:
       D: 143 daAuts
